 Dungeon Crawl Stone Soup version 0.30-a0-161-gdd60e06945 (webtiles) character file.

Game seed: 14326748852724455348

153178 qw the Severer (level 17, -12/108 HPs)
             Began as a Gargoyle Fighter on Sept 27, 2022.
             Was a High Priest of Okawaru.
             Mangled by a radroach (56 damage)
             ... on level 2 of the Spider Nest.
             The game lasted 00:15:08 (28028 turns).

qw the Severer (Gargoyle Fighter)                  Turns: 28028, Time: 00:15:08

Health: -12/108    AC: 56    Str: 33      XL:     17   Next: 59%
Magic:  24/24      EV: 11    Int:  8 (10) God:    Okawaru [*****.]
Gold:   358        SH: 27    Dex:  7 (9)  Spells: 16/16 levels left

rFire   . . .      SeeInvis .    Y - +3 broad axe (protect)
rCold   + . .      Faith    .    c - +2 tower shield
rNeg    + . .      Spirit   .    F - +3 chain mail {rC+}
rPois   inf        Reflect  +    i - +2 helmet
rElec   +          Harm     .    s - +1 cloak
rCorr   .          Rampage  .    j - +2 pair of gloves
Will    +....                    z - +2 pair of boots
Stlth   ..........               f - amulet of reflection
HPRegen 0.28/turn                D - +6 ring of strength
MPRegen 0.19/turn                p - +4 ring of protection

@: about to teleport, heroic, under a protective aura, flying, contaminated,
glowing
A: sickness immunity, AC +12, big wings, negative energy resistance 1,
electricity resistance, torment resistance 1, petrification resistance,
iridescent scales 1
a: Renounce Religion, Heroism, Finesse, Duel


You were on level 2 of the Spider Nest.
You worshipped Okawaru.
Okawaru was extremely pleased with you.
You visited 5 branches of the dungeon, and saw 27 of its levels.
You also visited: Ossuary and Gauntlet.

You collected 3034 gold pieces.
You spent 2676 gold pieces at shops.


Innate Abilities, Weirdness & Mutations

You are immune to sickness and miasma.
Your stone body is resilient. (AC +12)
You are immune to poison.
Your large and strong wings let you fly.
You resist negative energy. (rN+)
You are resistant to electric shocks. (rElec)
You are resistant to unholy torment.
You are immune to petrification.
You are partially covered in iridescent scales. (AC +2)


   Skills:
 - Level 13.0(18.0) Fighting
 + Level 17.7(22.7) Axes
 - Level 7.0(12.0) Throwing
 - Level 11.0(16.0) Armour
 - Level 4.0(9.0) Dodging
 - Level 17.4(22.4) Shields
 - Level 10.2 Invocations


You had 16 spell levels left.
You didn't know any spells.
Your spell library was empty.

Inventory:

Hand Weapons
 C - a +2 demon whip of flaming
 Y - a +3 broad axe of protection (weapon)
Missiles
 n - 23 boomerangs (quivered)
 x - 6 silver boomerangs
 H - 4 boomerangs of dispersal
Armour
 b - a +0 plate armour
 c - a +2 tower shield (worn)
 i - a +2 helmet (worn)
 j - a +2 pair of gloves (worn)
 k - the +2 cloak of Uruaff {rElec rF- rN+ Dex+2}
   (Okawaru gifted it to you on level 2 of the Orcish Mines)

   Dex:       It affects your dexterity (+2).
   rF:        It makes you vulnerable to fire.
   rElec:     It insulates you from electricity.
   rN:        It protects you from negative energy.
 s - a +1 cloak (worn)
 z - a +2 pair of boots (worn)
 B - the +7 ring mail of the Sufficient God {rF- Dex+4 Slay+5}
   (Okawaru gifted it to you on level 11 of the Dungeon)

   Dex:       It affects your dexterity (+4).
   Slay:      It affects your accuracy & damage with ranged weapons and melee
   (+5).
   rF:        It makes you vulnerable to fire.
 F - a +3 chain mail of cold resistance (worn)
Jewellery
 f - an amulet of reflection (around neck)
 l - a ring of resist corrosion
 m - a ring of resist corrosion
 p - a +4 ring of protection (right hand)
 y - a ring of fire
 D - a +6 ring of strength (left hand)
 G - a ring of ice
Scrolls
 a - 5 scrolls of teleportation
 h - 20 scrolls of identify
Potions
 d - 7 potions of might
 e - 3 potions of haste
 g - 3 potions of cancellation
 q - 2 potions of lignification
 t - 5 potions of magic
 u - 4 potions of attraction
 v - 10 potions of curing
 w - 2 potions of resistance
 A - 5 potions of mutation

Dungeon Overview and Level Annotations

Branches:
Dungeon (15/15)            Temple (0/1) D:6            Lair (5/5) D:9
 Shoals (3/4) Lair:2       Spider (2/4) Lair:2        Slime (0/5) Lair:5
    Orc (2/2) D:9             Elf (0/3) Orc:2        Vaults (0/5) D:14
 Depths (0/4) D:15        Ossuary (visited)         Gauntlet (visited)

Altars:
Ashenzari
Fedhas
Gozag
Kikubaaqudgha
Nemelex Xobeh
Okawaru
Sif Muna
Trog
Vehumet
Wu Jian
Yredelemnul

Shops:
D:9 [*   D:10 :   D:11 *   D:15 [   Orc:1 (   Orc:2 ?(=[*   Shoals:1 :
Shoals:2 ==

Portals:
Trove: D:11 (give 15 potions of curing)

Annotations:
D:3 3 runed translucent doors, qw's ghost, amateur GrFi
D:11 1 runed translucent door, qw's ghost, journeyman GrFi
D:14 6 transporters
Lair:5 1 runed translucent door, qw's ghost, journeyman GrFi


Message History

The radroach is moderately wounded.
You slice the radroach!!
The radroach is severely wounded.
The radroach completely misses you. The radroach closely misses you.
You slash the radroach!
The radroach is severely wounded.
You block the radroach's attack.
The radroach claws you but does no damage.
You hit the radroach but do no damage.
The radroach is severely wounded.
The radroach bites you but does no damage.
You block the radroach's attack.
You hit the radroach but do no damage.
The radroach is severely wounded.
The radroach erupts in a fountain of uncontrolled magic!
You are blasted with magical radiation.
You are lightly contaminated with residual magic.
You slash the radroach!
The radroach is severely wounded.
You hit the radroach but do no damage.
The radroach is severely wounded.
The radroach erupts in a fountain of uncontrolled magic!
You are blasted with magical radiation.
You are contaminated with residual magic.
You slice the radroach!!
The radroach is almost dead.
The radroach's soul is no longer bound.
The radroach erupts in a fountain of uncontrolled magic!
You are blasted with magical radiation!!
28027 ||| READING 6 scrolls of teleportation.
As you read the scroll of teleportation, it crumbles to dust.
You feel strangely unstable.
The radroach erupts in a fountain of uncontrolled magic!
You are blasted with magical radiation.
28028 ||| DRINKING potion of heal wounds.
You feel much better.
The radroach erupts in a fountain of uncontrolled magic!
You are blasted with magical radiation!!!
Ouch! That really hurt!
You die...

#( # #^. #.#
# #.##
#$##..# ##
....# #:#
#..#...#
#..#..^#
#.@#...#.B
#..B...^.(
#.........
#.[#....#.
#..##(##..
#..# .# ^
#.(# . ##..#
.#
#...#########


You could see a radroach.

Vanquished Creatures
  Rupert (D:11)
  A ghost moth (Spider:2)
  An orc warlord (Orc:2)
  A stone giant (D:15)
  A minotaur (Gauntlet)
  An ettin (D:14)
  8 hydras
  4 merfolk impalers
  2 entropy weavers (Spider:1)
  Harold (D:11)
  Fannar (D:11)
  An anaconda (Lair:1)
  Erica (D:10)
  4 vault guards (D:14)
  A rakshasa (D:15)
  2 jorogumos
  2 ogre magi
  7 centaur warriors
  2 death knights
  7 boulder beetles
  An alligator snapping turtle (Shoals:2)
  A catoblepas (D:10)
  3 two-headed ogres
  2 alligators (Lair:1)
  2 satyrs (Shoals:3)
  4 tengu warriors
  3 orc high priests (Orc:2)
  Sonja (D:13)
  Amaemon (D:11)
  A sun moth (Spider:1)
  3 sea snakes
  4 orb spiders
  3 pharaoh ants (Spider:2)
  4 steelbarb worms
  2 deep elf archers (D:14)
  18 harpies
  A lindwurm (Lair:5)
  Pikel (D:7)
  2 phantasmal warriors
  2 wizards
  10 fauns
  4 orc knights
  5 orc sorcerers (Orc:2)
  8 ugly things
  5 wolf spiders (Spider:2)
  11 manticores
  11 cyclopes
  10 elephants
  8 merfolk sirens
  7 black mambas
  A water nymph (Shoals:1)
  Joseph (D:9)
  An orange demon (D:11)
  17 cane toads
  3 torpor snails
  A smoke demon (Gauntlet)
  2 unseen horrors
  3 freezing wraiths
  4 rime drakes
  A kobold demonologist (D:11)
  11 komodo dragons
  3 demonic crawlers
  2 yaktaurs (D:10)
  A red devil (Gauntlet)
  11 trolls
  A tengu conjurer (D:15)
  3 meliai (D:14)
  5 merfolk
  5 polar bears
  2 wind drakes (Shoals:1)
  5 hornets
  9 blink frogs
  6 tarantellas
  11 slime creatures
  8 snapping turtles
  13 dream sheep
  A spriggan (shapeshifter) (D:13)
  9 jumping spiders
  5 culicivoras
  2 culicivoras (shapeshifter)
  5 shadows
  46 yaks
  A ynoxinul (Gauntlet)
  13 spriggans
  5 water elementals
  A wraith (D:10)
  A vampire (D:13)
  7 wyverns
  5 basilisks
  13 vampire mosquitoes
  2 steam dragons
  A human (D:14)
  21 redbacks
  A warg (Orc:2)
  An acid dragon (D:12)
  11 water moccasins
  2 sky beasts
  2 ice beasts
  36 orc warriors
  6 black bears
  25 wolves
  6 boggarts
  4 centaurs
  5 ogres
  2 phantoms
  2 kobold brigands
  9 bullfrogs
  A necrophage (D:5)
  A gnoll sergeant (D:9)
  3 water moccasin zombies (Ossuary)
  10 scorpions
  22 killer bees
  7 electric eels
  6 howler monkeys
  2 crimson imps (Gauntlet)
  A hound (D:4)
  6 jellies
  23 orc priests
  A gnoll bouda (D:10)
  4 iron imps (Gauntlet)
  5 iguanas
  Natasha (thrice) (D:3)
  31 orc wizards
  5 hell rats (Lair:1)
  2 mummies (Ossuary)
  7 gnolls
  6 adders
  3 white imps
  An ufetubus (D:4)
  3 adder zombies (Ossuary)
  A worm (D:3)
  2 dart slugs
  83 orcs
  11 ball pythons
  5 bats
  6 endoplasms
  2 giant cockroaches
  4 gnoll zombies (Ossuary)
  9 hobgoblins
  12 jackals
  20 kobolds
  2 quokkas (D:1)
  3 frilled lizards
  14 goblins
  8 hobgoblin zombies (Ossuary)
  2 kobold zombies (Ossuary)
  6 orc zombies (Ossuary)
  5 rats
915 creatures vanquished.

Vanquished Creatures (others)
  A merfolk aquamancer (Shoals:3)
  A faun (Shoals:1)
  An orc wizard (D:9)
  22 fungi
  50 plants
75 creatures vanquished.

Grand Total: 990 creatures vanquished

Notes
Turn   | Place    | Note
-------+----------+-------------------------------------------
     0 | D:1      | qw the Gargoyle Fighter began the quest for the Orb.
     0 | D:1      | Reached XP level 1. HP: 14/14 MP: 1/1
     0 | D:1      | 0 ||| qw: Version: 0.2-a-10-g37ed214
     0 | D:1      | 0 ||| qw: Game counter: 637
     0 | D:1      | 0 ||| qw: Always use a shield: true
     0 | D:1      | 0 ||| qw: God list: Okawaru
     0 | D:1      | 0 ||| qw: Allow faded altars: false
     0 | D:1      | 0 ||| qw: Do Orc after D:15 true
     0 | D:1      | 0 ||| qw: Do second Lair branch before Depths: true
     0 | D:1      | 0 ||| qw: Lair rune preference: random
     0 | D:1      | 0 ||| qw: Plans: Normal, Zot:1-4, God:TSO, Crypt, Tomb,
                  | Pan, Slime:5, Hells, Abyss, Orb
     0 | D:1      | 0 ||| PLANNING D:1-11
   216 | D:1      | 216 ||| Stepping ~*~*~tactically~*~*~ (stealth).
   217 | D:1      | 217 ||| Stepping ~*~*~tactically~*~*~ (stealth).
   224 | D:1      | Reached XP level 2. HP: 19/19 MP: 2/2
   417 | D:1      | Found a faded altar of an unknown god.
   423 | D:1      | 423 ||| Stepping ~*~*~tactically~*~*~ (stealth).
   426 | D:1      | 426 ||| Stepping ~*~*~tactically~*~*~ (stealth).
   428 | D:1      | 428 ||| Stepping ~*~*~tactically~*~*~ (stealth).
   532 | D:1      | 532 ||| Stepping ~*~*~tactically~*~*~ (stealth).
   539 | D:1      | Reached skill level 3 in Axes
   601 | D:1      | Reached XP level 3. HP: 19/23 MP: 3/3
  1077 | D:1      | 1077 ||| UPGRADING to +0 helmet.
  1082 | D:1      | 1082 ||| UPGRADING to ring of resist corrosion.
  1083 | D:1      | 1083 ||| UPGRADING to +4 ring of protection.
  1084 | D:1      | 1084 ||| READING 2 scrolls labelled FODOUSO ZE PUI.
  1087 | D:1      | 1087 ||| READING scroll labelled KAUGOPS ZENUKH.
  1088 | D:1      | 1088 ||| READING scroll labelled HISMUADIXU.
  1089 | D:1      | 1089 ||| READING scroll labelled DUPPEG IMEO.
  1090 | D:1      | 1090 ||| READING scroll labelled YZOG QAUMEOBB.
  1091 | D:1      | 1091 ||| DRINKING 2 coppery potions.
  1092 | D:1      | 1092 ||| DRINKING 2 fuming blue potions.
  1093 | D:1      | 1093 ||| DROPPING potion of brilliance.
  1207 | D:2      | 1207 ||| Stepping ~*~*~tactically~*~*~ (stealth).
  1246 | D:2      | 1246 ||| Stepping ~*~*~tactically~*~*~ (stealth).
  1280 | D:2      | Reached XP level 4. HP: 27/28 MP: 4/4
  1476 | D:2      | 1476 ||| Stepping ~*~*~tactically~*~*~ (stealth).
  1480 | D:2      | 1480 ||| Stepping ~*~*~tactically~*~*~ (stealth).
  1827 | D:2      | 1827 ||| UPGRADING to +0 pair of gloves.
  1957 | D:3      | 1957 ||| FLEEEEING.
  1958 | D:3      | 1958 ||| FLEEEEING.
  1959 | D:3      | 1959 ||| FLEEEEING.
  1960 | D:3      | 1960 ||| FLEEEEING.
  2022 | D:3      | Found a runed translucent gate.
  2023 | D:3      | Found a runed translucent gate.
  2031 | D:3      | Found a runed translucent gate.
  2054 | D:3      | Noticed Natasha
  2064 | D:3      | Killed Natasha
  2081 | D:3      | Noticed Natasha
  2092 | D:3      | Killed Natasha
  2093 | D:3      | Reached XP level 5. HP: 30/32 MP: 5/5
  2107 | D:3      | 2107 ||| DROPPING +0 club.
  2285 | D:3      | Found an iron altar of Okawaru.
  2286 | D:3      | 2286 ||| PLANNING OKAWARU WORSHIP
  2299 | D:3      | 2299 ||| READING scroll labelled DOUSUHI FUNAQ.
  2300 | D:3      | 2300 ||| READING scroll labelled OXAIZYC KITEUC.
  2308 | D:3      | Became a worshipper of Warmaster Okawaru
  2309 | D:3      | 2309 ||| PLANNING D:1-11
  2540 | D:3      | Found an ancient bone altar of Kikubaaqudgha.
  2590 | D:3      | 2590 ||| Stepping ~*~*~tactically~*~*~ (stealth).
  2682 | D:3      | Noticed Natasha
  2687 | D:3      | Killed Natasha
  2900 | D:3      | Noticed qw's ghost (amateur GrFi)
  2924 | D:3      | 2924 ||| READING 2 scrolls of identify.
  2924 | D:3      | 2924 ||| IDENTIFYING glowing red potion
  2942 | D:4      | 2942 ||| PLANNING OSSUARY
  2955 | D:4      | 2955 ||| Stepping ~*~*~tactically~*~*~ (stealth).
  2960 | D:4      | 2960 ||| Stepping ~*~*~tactically~*~*~ (stealth).
  2961 | D:4      | 2961 ||| Stepping ~*~*~tactically~*~*~ (stealth).
  2972 | D:4      | Found a faded altar of an unknown god.
  2972 | D:4      | Found a sparkling altar of Nemelex Xobeh.
  2988 | D:4      | Found a faded altar of an unknown god.
  2990 | D:4      | Found a broken altar of Ashenzari.
  2992 | D:4      | Found a shimmering blue altar of Sif Muna.
  3042 | D:4      | Reached XP level 6. HP: 36/39 MP: 6/6
  3044 | D:4      | 3044 ||| Stepping ~*~*~tactically~*~*~ (hiding).
  3074 | D:4      | Reached skill level 1 in Dodging
  3079 | D:4      | 3079 ||| FLEEEEING.
  3080 | D:4      | 3080 ||| FLEEEEING.
  3081 | D:4      | 3081 ||| FLEEEEING.
  3082 | D:4      | 3082 ||| FLEEEEING.
  3083 | D:4      | 3083 ||| FLEEEEING.
  3084 | D:4      | 3084 ||| FLEEEEING.
  3085 | D:4      | 3085 ||| FLEEEEING.
  3086 | D:4      | 3086 ||| FLEEEEING.
  3087 | D:4      | 3087 ||| FLEEEEING.
  3088 | D:4      | 3088 ||| FLEEEEING.
  3090 | D:4      | 3090 ||| FLEEEEING.
  3091 | D:4      | 3091 ||| FLEEEEING.
  3092 | D:4      | 3092 ||| FLEEEEING.
  3093 | D:4      | 3093 ||| STAIRDANCE
  3174 | D:4      | 3174 ||| STAIRDANCE
  3218 | D:4      | 3218 ||| STAIRDANCE
  3259 | D:3      | 3259 ||| DROPPING +0 whip of pain.
  3272 | D:3      | 3272 ||| UPGRADING to +0 chain mail.
  3282 | D:3      | 3282 ||| DROPPING +0 scale mail.
  3304 | D:4      | Found a sand-covered staircase.
  3312 | Ossuary  | Entered an ossuary
  3332 | Ossuary  | 3332 ||| Stepping ~*~*~tactically~*~*~ (stealth).
  3334 | Ossuary  | 3334 ||| Stepping ~*~*~tactically~*~*~ (stealth).
  3397 | Ossuary  | Reached * piety under Okawaru
  3398 | Ossuary  | Reached XP level 7. HP: 42/44 MP: 7/7
  3414 | Ossuary  | 3414 ||| INVOKING Heroism.
  3425 | Ossuary  | Reached skill level 6 in Axes
  3425 | Ossuary  | Reached skill level 1 in Invocations
  3425 | Ossuary  | 3425 ||| INVOKING Heroism.
  3467 | Ossuary  | 3467 ||| INVOKING Heroism.
  3535 | Ossuary  | 3535 ||| READING scroll labelled ERCHUNE COOMUMP.
  3536 | Ossuary  | 3536 ||| READING scroll labelled SEV OWNIORA.
  3537 | Ossuary  | 3537 ||| DRINKING 2 glowing black potions.
  3537 | Ossuary  | Gained mutation: Your magical capacity is low. (-10% MP)
                  | [potion of mutation]
  3537 | Ossuary  | Gained mutation: Armour fits poorly on your strangely
                  | shaped body. [potion of mutation]
  3538 | Ossuary  | 3538 ||| DRINKING potion of mutation.
  3538 | Ossuary  | Lost mutation: Your magical capacity is low. (-10% MP)
                  | [potion of mutation]
  3538 | Ossuary  | Lost mutation: Armour fits poorly on your strangely shaped
                  | body. [potion of mutation]
  3538 | Ossuary  | Gained mutation: You are partially covered in iridescent
                  | scales. (AC +2) [potion of mutation]
  3547 | Ossuary  | 3547 ||| DRINKING 3 amethyst potions.
  3652 | Ossuary  | 3652 ||| DRINKING 2 white potions.
  3653 | Ossuary  | 3653 ||| DRINKING 2 bubbling blue potions.
  3654 | Ossuary  | 3654 ||| READING 2 scrolls of identify.
  3654 | Ossuary  | 3654 ||| IDENTIFYING glowing purple potion
  3655 | Ossuary  | 3655 ||| DROPPING 2 potions of berserk rage.
  3663 | D:4      | 3663 ||| PLANNING D:1-11
  3686 | D:4      | 3686 ||| Stepping ~*~*~tactically~*~*~ (stealth).
  4020 | D:4      | 4020 ||| Stepping ~*~*~tactically~*~*~ (hiding).
  4023 | D:4      | 4023 ||| INVOKING Heroism.
  4044 | D:4      | 4044 ||| FLEEEEING.
  4045 | D:4      | 4045 ||| FLEEEEING.
  4046 | D:4      | 4046 ||| FLEEEEING.
  4047 | D:4      | 4047 ||| FLEEEEING.
  4048 | D:4      | 4048 ||| FLEEEEING.
  4049 | D:4      | 4049 ||| FLEEEEING.
  4050 | D:4      | 4050 ||| FLEEEEING.
  4051 | D:4      | 4051 ||| FLEEEEING.
  4067 | D:4      | 4067 ||| FLEEEEING.
  4069 | D:4      | 4069 ||| FLEEEEING.
  4070 | D:4      | 4070 ||| FLEEEEING.
  4071 | D:4      | 4071 ||| FLEEEEING.
  4072 | D:4      | 4072 ||| FLEEEEING.
  4073 | D:4      | 4073 ||| FLEEEEING.
  4074 | D:4      | 4074 ||| FLEEEEING.
  4076 | D:4      | 4076 ||| FLEEEEING.
  4077 | D:4      | 4077 ||| FLEEEEING.
  4078 | D:4      | 4078 ||| FLEEEEING.
  4080 | D:4      | 4080 ||| FLEEEEING.
  4083 | D:4      | 4083 ||| FLEEEEING.
  4085 | D:4      | 4085 ||| FLEEEEING.
  4086 | D:4      | 4086 ||| DRINKING 3 potions of curing.
  4086 | D:4      | 4086 ||| (to cure confusion)
  4102 | D:4      | 4102 ||| FLEEEEING.
  4103 | D:4      | 4103 ||| FLEEEEING.
  4104 | D:4      | 4104 ||| INVOKING Heroism.
  4232 | D:4      | Reached skill level 3 in Invocations
  4503 | D:4      | 4503 ||| INVOKING Heroism.
  4606 | D:4      | 4606 ||| READING 7 scrolls of identify.
  4606 | D:4      | 4606 ||| IDENTIFYING orange potion
  4607 | D:4      | 4607 ||| READING 6 scrolls of identify.
  4607 | D:4      | 4607 ||| IDENTIFYING dark potion
  4608 | D:4      | 4608 ||| READING 5 scrolls of identify.
  4608 | D:4      | 4608 ||| IDENTIFYING fuming silvery potion
  4609 | D:4      | 4609 ||| DROPPING potion of flight.
  4610 | D:4      | 4610 ||| DROPPING potion of ambrosia.
  4627 | D:5      | Entered Level 5 of the Dungeon
  4628 | D:5      | 4628 ||| INVOKING Heroism.
  4638 | D:5      | Reached XP level 8. HP: 36/48 MP: 8/10
  4646 | D:5      | 4646 ||| Stepping ~*~*~tactically~*~*~ (stealth).
  4677 | D:5      | 4677 ||| FLEEEEING.
  4678 | D:5      | 4678 ||| STAIRDANCE
  4714 | D:5      | 4714 ||| STAIRDANCE
  4940 | D:5      | Found a bloodstained altar of Trog.
  5116 | D:5      | Reached ** piety under Okawaru
  5137 | D:5      | 5137 ||| READING scroll of brand weapon.
  5137 | D:5      | 5137 ||| BRANDING +0 war axe of protection.
  5258 | D:5      | Found a blossoming altar of Fedhas.
  5313 | D:5      | Identified the amulet "Qeasovolio" {Acrobat Regen+}
  5457 | D:5      | Reached skill level 1 in Throwing
  5471 | D:5      | 5471 ||| DROPPING +1 hat.
  5472 | D:5      | 5472 ||| UPGRADING to amulet "Qeasovolio" {Acrobat Regen+}.
  5477 | D:5      | 5477 ||| READING scroll labelled MIUMOC TEOVAEF.
  5478 | D:5      | 5478 ||| READING scroll labelled QEKHLO SUUGH.
  5561 | D:6      | 5561 ||| INVOKING Heroism.
  5813 | D:6      | Found a staircase to the Ecumenical Temple.
  5870 | D:6      | Reached XP level 9. HP: 55/55 MP: 12/12
  5981 | D:6      | 5981 ||| INVOKING Heroism.
  5989 | D:6      | Reached skill level 6 in Fighting
  6065 | D:6      | 6065 ||| UPGRADING to +0 plate armour.
  6075 | D:6      | 6075 ||| DROPPING +0 chain mail.
  6102 | D:7      | Found a basalt altar of Yredelemnul.
  6111 | D:7      | 6111 ||| READING scroll of enchant weapon.
  6111 | D:7      | 6111 ||| ENCHANTING +0 spectral war axe.
  6153 | D:7      | 6153 ||| INVOKING Heroism.
  6197 | D:7      | Noticed a hornet
  6202 | D:7      | Killed a hornet
  6202 | D:7      | Reached *** piety under Okawaru
  6399 | D:7      | Noticed Pikel
  6400 | D:7      | 6400 ||| INVOKING Heroism.
  6405 | D:7      | Killed Pikel
  6406 | D:7      | Reached skill level 9 in Axes
  6534 | D:7      | 6534 ||| Stepping ~*~*~tactically~*~*~ (hiding).
  6537 | D:7      | 6537 ||| INVOKING Heroism.
  6539 | D:7      | Reached skill level 3 in Throwing
  6589 | D:7      | 6589 ||| INVOKING Heroism.
  6624 | D:7      | Received a gift from Okawaru
  6625 | D:7      | Reached skill level 6 in Armour
  6849 | D:7      | 6849 ||| READING scroll labelled BAMIMIVVIR.
  6850 | D:7      | 6850 ||| READING 5 scrolls of identify.
  6850 | D:7      | 6850 ||| IDENTIFYING pink potion
  6910 | D:8      | 6910 ||| INVOKING Heroism.
  6914 | D:8      | Reached XP level 10. HP: 61/61 MP: 10/13
  6999 | D:8      | 6999 ||| Stepping ~*~*~tactically~*~*~ (stealth).
  7032 | D:8      | 7032 ||| Stepping ~*~*~tactically~*~*~ (stealth).
  7045 | D:8      | 7045 ||| Stepping ~*~*~tactically~*~*~ (stealth).
  7049 | D:8      | 7049 ||| DROPPING +0 flail.
  7103 | D:8      | 7103 ||| INVOKING Heroism.
  7127 | D:8      | 7127 ||| Stepping ~*~*~tactically~*~*~ (hiding).
  7128 | D:8      | 7128 ||| Stepping ~*~*~tactically~*~*~ (hiding).
  7433 | D:8      | 7433 ||| DROPPING amulet of regeneration.
  7434 | D:8      | 7434 ||| READING scroll labelled NAUTYO ODIKK.
  7470 | D:9      | 7470 ||| INVOKING Heroism.
  7480 | D:9      | Reached **** piety under Okawaru
  7493 | D:9      | 7493 ||| Stepping ~*~*~tactically~*~*~ (stealth).
  7495 | D:9      | 7495 ||| Stepping ~*~*~tactically~*~*~ (stealth).
  7501 | D:9      | 7501 ||| Stepping ~*~*~tactically~*~*~ (stealth).
  7504 | D:9      | 7504 ||| Stepping ~*~*~tactically~*~*~ (stealth).
  7506 | D:9      | 7506 ||| INVOKING Heroism.
  7518 | D:9      | 7518 ||| Stepping ~*~*~tactically~*~*~ (stealth).
  7523 | D:9      | 7523 ||| Stepping ~*~*~tactically~*~*~ (stealth).
  7527 | D:9      | 7527 ||| Stepping ~*~*~tactically~*~*~ (stealth).
  7536 | D:9      | 7536 ||| Stepping ~*~*~tactically~*~*~ (stealth).
  7549 | D:9      | Found a staircase to the Lair.
  7588 | D:9      | Found Gozag's Platinum Reserve.
  7597 | D:9      | Found an opulent altar of Gozag.
  7616 | D:9      | 7616 ||| SHOPLISTING +11 whip "Glorpo" {vorpal, rElec rC+
                  | rCorr} (8530 gold, have 532).
  7616 | D:9      | 7616 ||| SHOPLISTING +5 hand axe of Okawaru, Conjuring
                  | {drain, rC+ MP+9 SInv} (6750 gold, have 532).
  7649 | D:9      | 7649 ||| Stepping ~*~*~tactically~*~*~ (stealth).
  7655 | D:9      | 7655 ||| INVOKING Heroism.
  7737 | D:9      | 7737 ||| Stepping ~*~*~tactically~*~*~ (stealth).
  7742 | D:9      | 7742 ||| INVOKING Heroism.
  7743 | D:9      | Found a staircase to the Orcish Mines.
  7743 | D:9      | Found Mejoor Cio's Armour Shoppe.
  7753 | D:9      | Reached skill level 6 in Invocations
  7753 | D:9      | Received a gift from Okawaru
  7790 | D:9      | 7790 ||| BUYING +0 cloak (54 gold).
  7790 | D:9      | Bought a +0 cloak for 54 gold pieces
  7790 | D:9      | 7790 ||| BUYING +2 buckler (198 gold).
  7790 | D:9      | Bought a +2 buckler for 198 gold pieces
  7790 | D:9      | 7790 ||| BUYING +2 scale mail of cold resistance (252
                  | gold).
  7790 | D:9      | Bought a +2 scale mail of cold resistance for 252 gold
                  | pieces
  7808 | D:9      | Found a radiant altar of Vehumet.
  7935 | D:9      | 7935 ||| Stepping ~*~*~tactically~*~*~ (hiding).
  7946 | D:9      | 7946 ||| INVOKING Heroism.
  7959 | D:9      | Noticed Joseph
  7981 | D:9      | Killed Joseph
  8173 | D:9      | 8173 ||| PLANNING LAIR
  8173 | D:9      | 8173 ||| UPGRADING to +0 cloak.
  8178 | D:9      | 8178 ||| UPGRADING to +2 buckler.
  8188 | D:9      | 8188 ||| DROPPING +0 buckler.
  8189 | D:9      | 8189 ||| READING scroll labelled ITUROH HOMMO.
  8243 | Lair:1   | Entered Level 1 of the Lair of Beasts
  8248 | Lair:1   | 8248 ||| Stepping ~*~*~tactically~*~*~ (stealth).
  8250 | Lair:1   | 8250 ||| Stepping ~*~*~tactically~*~*~ (stealth).
  8259 | Lair:1   | 8259 ||| INVOKING Heroism.
  8262 | Lair:1   | Reached XP level 11. HP: 42/68 MP: 13/16
  8306 | Lair:1   | 8306 ||| INVOKING Heroism.
  8381 | Lair:1   | 8381 ||| INVOKING Heroism.
  8431 | Lair:1   | 8431 ||| Stepping ~*~*~tactically~*~*~ (stealth).
  8449 | Lair:1   | Reached ***** piety under Okawaru
  8471 | Lair:1   | 8471 ||| INVOKING Heroism.
  8598 | Lair:1   | 8598 ||| INVOKING Heroism.
  8655 | Lair:1   | 8655 ||| INVOKING Heroism.
  8689 | Lair:1   | 8689 ||| READING scroll of enchant armour.
  8689 | Lair:1   | 8689 ||| ENCHANTING +0 pair of gloves.
  8847 | Lair:1   | 8847 ||| INVOKING Heroism.
  8860 | Lair:1   | Noticed an alligator
  8861 | Lair:1   | 8861 ||| Stepping ~*~*~tactically~*~*~ (stealth).
  8867 | Lair:1   | Noticed an anaconda
  8871 | Lair:1   | Killed an alligator
  8872 | Lair:1   | Reached skill level 9 in Invocations
  8877 | Lair:1   | Identified the +6 scale mail of Somewhere Else {rElec}
                  | (Okawaru gifted it to you on level 1 of the Lair of Beasts)
  8877 | Lair:1   | Received a gift from Okawaru
  8882 | Lair:1   | HP: 12/68 [anaconda (9)]
  8883 | Lair:1   | 8883 ||| READING 5 scrolls of teleportation.
  8884 | Lair:1   | 8884 ||| DRINKING 3 potions of heal wounds.
  8885 | Lair:1   | 8885 ||| DRINKING 2 potions of heal wounds.
  8886 | Lair:1   | 8886 ||| INVOKING Heroism.
  8966 | Lair:1   | 8966 ||| Stepping ~*~*~tactically~*~*~ (stealth).
  8977 | Lair:1   | Killed an anaconda
  9024 | Lair:1   | Noticed an alligator
  9025 | Lair:1   | 9025 ||| Stepping ~*~*~tactically~*~*~ (hiding).
  9026 | Lair:1   | 9026 ||| INVOKING Heroism.
  9042 | Lair:1   | Killed an alligator
  9043 | Lair:1   | Reached XP level 12. HP: 34/75 MP: 19/19
  9049 | Lair:1   | Reached skill level 9 in Fighting
  9371 | Lair:1   | 9371 ||| UPGRADING to +2 tower shield.
  9381 | Lair:1   | 9381 ||| DROPPING +2 buckler.
  9434 | Lair:2   | Noticed a boulder beetle
  9435 | Lair:2   | 9435 ||| INVOKING Heroism.
  9436 | Lair:2   | 9436 ||| INVOKING Finesse.
  9449 | Lair:2   | Killed a boulder beetle
  9450 | Lair:2   | Reached skill level 6 in Shields
  9498 | Lair:2   | 9498 ||| INVOKING Heroism.
  9522 | Lair:2   | 9522 ||| Stepping ~*~*~tactically~*~*~ (hiding).
  9524 | Lair:2   | 9524 ||| Stepping ~*~*~tactically~*~*~ (cloud).
  9525 | Lair:2   | 9525 ||| Stepping ~*~*~tactically~*~*~ (cloud).
  9528 | Lair:2   | 9528 ||| INVOKING Heroism.
  9546 | Lair:2   | Noticed a seven-headed hydra
  9547 | Lair:2   | 9547 ||| Stepping ~*~*~tactically~*~*~ (stealth).
  9557 | Lair:2   | 9557 ||| INVOKING Finesse.
  9575 | Lair:2   | 9575 ||| SWAPPING to +0 morningstar.
  9576 | Lair:2   | Killed a seven-headed hydra
  9577 | Lair:2   | 9577 ||| SWAPPING to +1 spectral war axe.
  9642 | Lair:2   | Found a hole to the Spider Nest.
  9643 | Lair:2   | Identified the +4 short sword "Jassapuroc" {flame, rN+
                  | Will+ Dex+4}
  9743 | Lair:2   | Found a staircase to the Shoals.
  9802 | Lair:2   | 9802 ||| INVOKING Heroism.
  9804 | Lair:2   | 9804 ||| Stepping ~*~*~tactically~*~*~ (stealth).
  9806 | Lair:2   | 9806 ||| Stepping ~*~*~tactically~*~*~ (stealth).
  9810 | Lair:2   | 9810 ||| Stepping ~*~*~tactically~*~*~ (stealth).
  9830 | Lair:2   | Reached skill level 9 in Shields
  9898 | Lair:2   | Found a blossoming altar of Fedhas.
  9918 | Lair:2   | 9918 ||| INVOKING Heroism.
  9919 | Lair:2   | 9919 ||| INVOKING Finesse.
 10261 | Lair:2   | 10261 ||| INVOKING Heroism.
 10408 | Lair:2   | 10408 ||| DRINKING 2 smoky puce potions.
 10409 | Lair:2   | 10409 ||| DROPPING potion of invisibility.
 10646 | Lair:3   | 10646 ||| Stepping ~*~*~tactically~*~*~ (stealth).
 10678 | Lair:3   | 10678 ||| INVOKING Heroism.
 10755 | Lair:3   | 10755 ||| INVOKING Heroism.
 10762 | Lair:3   | Received a gift from Okawaru
 11278 | Lair:3   | 11278 ||| INVOKING Heroism.
 11338 | Lair:3   | 11338 ||| DROPPING amulet of the acrobat.
 11366 | Lair:4   | Noticed an eight-headed hydra
 11367 | Lair:4   | 11367 ||| INVOKING Heroism.
 11368 | Lair:4   | 11368 ||| INVOKING Finesse.
 11369 | Lair:4   | 11369 ||| SWAPPING to +0 morningstar.
 11388 | Lair:4   | Killed an eight-headed hydra
 11388 | Lair:4   | Received a gift from Okawaru
 11389 | Lair:4   | Reached XP level 13. HP: 49/80 MP: 14/20
 11389 | Lair:4   | 11389 ||| SWAPPING to +1 spectral war axe.
 11400 | Lair:4   | Reached skill level 12 in Shields
 11401 | Lair:4   | 11401 ||| Stepping ~*~*~tactically~*~*~ (stealth).
 11520 | Lair:4   | 11520 ||| INVOKING Heroism.
 11521 | Lair:4   | 11521 ||| Stepping ~*~*~tactically~*~*~ (stealth).
 11531 | Lair:4   | Received a gift from Okawaru
 11567 | Lair:4   | 11567 ||| READING scroll of enchant armour.
 11567 | Lair:4   | 11567 ||| ENCHANTING +1 pair of gloves.
 11589 | Lair:4   | Found a dark tunnel.
 11793 | Lair:4   | 11793 ||| INVOKING Heroism.
 11826 | Lair:4   | 11826 ||| INVOKING Heroism.
 11850 | Lair:4   | Identified the +1 scale mail "Tiwua" {Regen+ Dex-3 Slay+2}
 12177 | Lair:4   | 12177 ||| DROPPING +1 pair of gloves of infusion.
 12189 | Lair:5   | Entered Level 5 of the Lair of Beasts
 12190 | Lair:5   | 12190 ||| INVOKING Heroism.
 12204 | Lair:5   | 12204 ||| Stepping ~*~*~tactically~*~*~ (stealth).
 12205 | Lair:5   | 12205 ||| STAIRDANCE
 12211 | Lair:5   | 12211 ||| STAIRDANCE
 12217 | Lair:5   | 12217 ||| STAIRDANCE
 12224 | Lair:5   | 12224 ||| STAIRDANCE
 12250 | Lair:5   | 12250 ||| INVOKING Heroism.
 12302 | Lair:5   | 12302 ||| INVOKING Heroism.
 12304 | Lair:5   | 12304 ||| Stepping ~*~*~tactically~*~*~ (stealth).
 12327 | Lair:5   | 12327 ||| Stepping ~*~*~tactically~*~*~ (stealth).
 12330 | Lair:5   | 12330 ||| INVOKING Finesse.
 12331 | Lair:5   | 12331 ||| Stepping ~*~*~tactically~*~*~ (stealth).
 12385 | Lair:5   | 12385 ||| INVOKING Heroism.
 12447 | Lair:5   | 12447 ||| INVOKING Heroism.
 12448 | Lair:5   | 12448 ||| INVOKING Finesse.
 12520 | Lair:5   | 12520 ||| INVOKING Heroism.
 12550 | Lair:5   | 12550 ||| Stepping ~*~*~tactically~*~*~ (stealth).
 12552 | Lair:5   | 12552 ||| INVOKING Heroism.
 12561 | Lair:5   | Reached skill level 12 in Axes
 12576 | Lair:5   | 12576 ||| Stepping ~*~*~tactically~*~*~ (stealth).
 12577 | Lair:5   | 12577 ||| Stepping ~*~*~tactically~*~*~ (stealth).
 12590 | Lair:5   | Received a gift from Okawaru
 12592 | Lair:5   | Reached skill level 9 in Armour
 12617 | Lair:5   | 12617 ||| Stepping ~*~*~tactically~*~*~ (stealth).
 12622 | Lair:5   | 12622 ||| INVOKING Heroism.
 12636 | Lair:5   | 12636 ||| INVOKING Finesse.
 12679 | Lair:5   | 12679 ||| INVOKING Finesse.
 12684 | Lair:5   | Identified the +3 robe "Evurghob" {Int+2} (Okawaru gifted
                  | it to you on level 5 of the Lair of Beasts)
 12684 | Lair:5   | Received a gift from Okawaru
 12753 | Lair:5   | 12753 ||| Stepping ~*~*~tactically~*~*~ (hiding).
 12755 | Lair:5   | 12755 ||| Stepping ~*~*~tactically~*~*~ (hiding).
 12867 | Lair:5   | Found a runed translucent door.
 12870 | Lair:5   | Noticed qw's ghost (journeyman GrFi)
 12872 | Lair:5   | Identified the +7 spear of Makhleb's Grace {drain, SInv}
 12877 | Lair:5   | 12877 ||| Stepping ~*~*~tactically~*~*~ (stealth).
 12878 | Lair:5   | 12878 ||| INVOKING Heroism.
 12916 | Lair:5   | Found a staircase to the Slime Pits.
 12971 | Lair:5   | 12971 ||| Stepping ~*~*~tactically~*~*~ (stealth).
 12972 | Lair:5   | 12972 ||| Stepping ~*~*~tactically~*~*~ (stealth).
 12973 | Lair:5   | 12973 ||| Stepping ~*~*~tactically~*~*~ (stealth).
 12975 | Lair:5   | 12975 ||| INVOKING Heroism.
 12992 | Lair:5   | Gained mutation: Your large and strong wings let you fly.
                  | [Gargoyle growth]
 12992 | Lair:5   | Reached XP level 14. HP: 77/86 MP: 21/21
 13060 | Lair:5   | 13060 ||| Stepping ~*~*~tactically~*~*~ (hiding).
 13873 | Lair:5   | 13873 ||| PLANNING D:1-11
 13873 | Lair:5   | 13873 ||| UPGRADING to +1 cloak.
 13883 | Lair:5   | 13883 ||| DROPPING +0 cloak.
 13884 | Lair:5   | 13884 ||| READING scroll labelled YQAGHO USIS.
 14006 | D:10     | Entered Level 10 of the Dungeon
 14023 | D:10     | Found Jiecrot's Self-Improvement Boutique.
 14079 | D:10     | 14079 ||| Stepping ~*~*~tactically~*~*~ (hiding).
 14081 | D:10     | 14081 ||| INVOKING Heroism.
 14207 | D:10     | 14207 ||| Stepping ~*~*~tactically~*~*~ (hiding).
 14216 | D:10     | 14216 ||| Stepping ~*~*~tactically~*~*~ (hiding).
 14217 | D:10     | 14217 ||| Stepping ~*~*~tactically~*~*~ (hiding).
 14361 | D:10     | 14361 ||| Stepping ~*~*~tactically~*~*~ (stealth).
 14362 | D:10     | 14362 ||| INVOKING Heroism.
 14371 | D:10     | 14371 ||| Stepping ~*~*~tactically~*~*~ (hiding).
 14651 | D:10     | 14651 ||| INVOKING Heroism.
 14652 | D:10     | 14652 ||| SWAPPING to +0 morningstar.
 14653 | D:10     | 14653 ||| INVOKING Finesse.
 14662 | D:10     | 14662 ||| SWAPPING to +1 spectral war axe.
 14733 | D:10     | 14733 ||| Stepping ~*~*~tactically~*~*~ (stealth).
 14778 | D:10     | 14778 ||| INVOKING Heroism.
 14782 | D:10     | 14782 ||| Stepping ~*~*~tactically~*~*~ (hiding).
 14796 | D:10     | 14796 ||| FLEEEEING.
 14824 | D:10     | 14824 ||| Stepping ~*~*~tactically~*~*~ (hiding).
 14957 | D:10     | 14957 ||| INVOKING Heroism.
 14966 | D:10     | Reached skill level 15 in Shields
 15097 | D:10     | 15097 ||| READING 13 scrolls of identify.
 15097 | D:10     | 15097 ||| IDENTIFYING cyan potion
 15098 | D:10     | 15098 ||| DROPPING potion of degeneration.
 15110 | D:11     | Noticed Erica
 15111 | D:11     | 15111 ||| STAIRDANCE
 15113 | D:10     | 15113 ||| DRINKING 7 potions of curing.
 15113 | D:10     | 15113 ||| (to cure confusion)
 15117 | D:11     | 15117 ||| STAIRDANCE
 15117 | D:11     | Noticed Harold
 15119 | D:10     | 15119 ||| INVOKING Heroism.
 15133 | D:11     | 15133 ||| STAIRDANCE
 15135 | D:10     | 15135 ||| INVOKING Finesse.
 15144 | D:10     | Killed Erica
 15174 | D:11     | 15174 ||| STAIRDANCE
 15284 | D:11     | 15284 ||| STAIRDANCE
 15398 | D:11     | Killed Harold
 15413 | D:11     | Noticed qw's ghost (journeyman GrFi)
 15437 | D:11     | 15437 ||| INVOKING Heroism.
 15438 | D:11     | 15438 ||| INVOKING Finesse.
 15518 | D:11     | 15518 ||| Stepping ~*~*~tactically~*~*~ (hiding).
 15561 | D:11     | 15561 ||| Stepping ~*~*~tactically~*~*~ (stealth).
 15562 | D:11     | 15562 ||| Stepping ~*~*~tactically~*~*~ (stealth).
 15563 | D:11     | 15563 ||| Stepping ~*~*~tactically~*~*~ (stealth).
 15597 | D:11     | 15597 ||| Stepping ~*~*~tactically~*~*~ (stealth).
 15599 | D:11     | 15599 ||| INVOKING Heroism.
 15600 | D:11     | 15600 ||| Stepping ~*~*~tactically~*~*~ (stealth).
 15651 | D:11     | Identified the +7 ring mail of the Sufficient God {rF-
                  | Dex+4 Slay+5} (Okawaru gifted it to you on level 11 of the
                  | Dungeon)
 15651 | D:11     | Received a gift from Okawaru
 15732 | D:11     | 15732 ||| Stepping ~*~*~tactically~*~*~ (stealth).
 15732 | D:11     | Found a runed translucent door.
 15733 | D:11     | 15733 ||| Stepping ~*~*~tactically~*~*~ (stealth).
 15739 | D:11     | 15739 ||| Stepping ~*~*~tactically~*~*~ (stealth).
 15754 | D:11     | Noticed Fannar
 15755 | D:11     | 15755 ||| Stepping ~*~*~tactically~*~*~ (hiding).
 15764 | D:11     | 15764 ||| INVOKING Heroism.
 15771 | D:11     | Killed Fannar
 15804 | D:11     | Noticed Amaemon
 15805 | D:11     | 15805 ||| Stepping ~*~*~tactically~*~*~ (stealth).
 15806 | D:11     | 15806 ||| Stepping ~*~*~tactically~*~*~ (hiding).
 15822 | D:11     | Killed Amaemon
 15840 | D:11     | 15840 ||| DROPPING +0 morningstar.
 15841 | D:11     | Found Qezann's General Store.
 15848 | D:11     | 15848 ||| BUYING potion of curing (42 gold).
 15848 | D:11     | Bought a potion of curing for 42 gold pieces
 15848 | D:11     | 15848 ||| BUYING scroll of enchant weapon (105 gold).
 15848 | D:11     | Bought a scroll of enchant weapon for 105 gold pieces
 15848 | D:11     | 15848 ||| READING scroll of enchant weapon.
 15848 | D:11     | 15848 ||| ENCHANTING +1 spectral war axe.
 15960 | D:11     | Found a portal to a secret trove of treasure.
 16011 | D:11     | 16011 ||| PLANNING D
 16011 | D:11     | 16011 ||| DROPPING +2 hat.
 16012 | D:11     | 16012 ||| UPGRADING to +7 ring mail of the Sufficient God
                  | {rF- Dex+4 Slay+5}.
 16022 | D:11     | 16022 ||| READING scroll labelled HOEMODU SOODA.
 16131 | D:12     | Noticed Rupert
 16132 | D:12     | 16132 ||| INVOKING Heroism.
 16133 | D:12     | 16133 ||| STAIRDANCE
 16135 | D:11     | 16135 ||| INVOKING Finesse.
 16144 | D:11     | Killed Rupert
 16195 | D:12     | Reached skill level 3 in Dodging
 16195 | D:12     | 16195 ||| STAIRDANCE
 16228 | D:12     | 16228 ||| Stepping ~*~*~tactically~*~*~ (stealth).
 16232 | D:12     | 16232 ||| INVOKING Heroism.
 16432 | D:12     | 16432 ||| INVOKING Heroism.
 16433 | D:12     | 16433 ||| INVOKING Finesse.
 16757 | D:13     | 16757 ||| FLEEEEING.
 16778 | D:13     | 16778 ||| Stepping ~*~*~tactically~*~*~ (hiding).
 16782 | D:13     | Found a frozen archway.
 16823 | D:13     | 16823 ||| FLEEEEING.
 16824 | D:13     | 16824 ||| FLEEEEING.
 16825 | D:13     | 16825 ||| FLEEEEING.
 16826 | D:13     | 16826 ||| FLEEEEING.
 16884 | D:13     | Reached XP level 15. HP: 91/92 MP: 22/22
 17048 | D:13     | 17048 ||| INVOKING Heroism.
 17051 | D:13     | 17051 ||| INVOKING Finesse.
 17053 | D:13     | 17053 ||| SWAPPING to -1 demon whip of venom.
 17066 | D:13     | 17066 ||| Stepping ~*~*~tactically~*~*~ (outnumbered).
 17070 | D:13     | 17070 ||| SWAPPING to +2 spectral war axe.
 17184 | D:13     | 17184 ||| INVOKING Heroism.
 17274 | D:13     | 17274 ||| INVOKING Heroism.
 17313 | D:13     | 17313 ||| INVOKING Heroism.
 17357 | D:13     | Noticed Sonja
 17374 | D:13     | Killed Sonja
 17719 | D:14     | Found a transporter.
 17721 | D:14     | 17721 ||| READING scroll of enchant armour.
 17721 | D:14     | 17721 ||| ENCHANTING +0 helmet.
 17745 | D:14     | 17745 ||| Stepping ~*~*~tactically~*~*~ (hiding).
 17746 | D:14     | 17746 ||| Stepping ~*~*~tactically~*~*~ (hiding).
 17806 | D:14     | 17806 ||| Stepping ~*~*~tactically~*~*~ (hiding).
 17833 | D:14     | 17833 ||| Stepping ~*~*~tactically~*~*~ (stealth).
 17838 | D:14     | 17838 ||| INVOKING Heroism.
 17892 | D:14     | Found a transporter.
 17938 | D:14     | 17938 ||| INVOKING Heroism.
 17939 | D:14     | 17939 ||| SWAPPING to -1 demon whip of venom.
 17947 | D:14     | 17947 ||| SWAPPING to +2 spectral war axe.
 17991 | D:14     | Found a transporter.
 17996 | D:14     | Found a transporter.
 18019 | D:14     | Found a transporter.
 18020 | D:14     | Found a transporter.
 18117 | D:14     | 18117 ||| INVOKING Heroism.
 18275 | D:14     | Identified the +4 flail of Suotwaeny {flame, rN++ Int-4
                  | Stlth+}
 18334 | D:14     | 18334 ||| Stepping ~*~*~tactically~*~*~ (hiding).
 18335 | D:14     | 18335 ||| Stepping ~*~*~tactically~*~*~ (hiding).
 18336 | D:14     | 18336 ||| Stepping ~*~*~tactically~*~*~ (hiding).
 18338 | D:14     | 18338 ||| Stepping ~*~*~tactically~*~*~ (hiding).
 18372 | D:14     | 18372 ||| Stepping ~*~*~tactically~*~*~ (hiding).
 18377 | D:14     | 18377 ||| INVOKING Heroism.
 18378 | D:14     | 18378 ||| INVOKING Finesse.
 18380 | D:14     | 18380 ||| SWAPPING to -1 demon whip of venom.
 18385 | D:14     | 18385 ||| Stepping ~*~*~tactically~*~*~ (hiding).
 18395 | D:14     | 18395 ||| Stepping ~*~*~tactically~*~*~ (outnumbered).
 18396 | D:14     | 18396 ||| Stepping ~*~*~tactically~*~*~ (outnumbered).
 18410 | D:14     | 18410 ||| SWAPPING to +2 spectral war axe.
 18412 | D:14     | 18412 ||| SWAPPING to -1 demon whip of venom.
 18429 | D:14     | 18429 ||| SWAPPING to +2 spectral war axe.
 18454 | D:14     | 18454 ||| READING 8 scrolls of teleportation.
 18473 | D:14     | 18473 ||| INVOKING Heroism.
 18474 | D:14     | 18474 ||| Stepping ~*~*~tactically~*~*~ (stealth).
 18475 | D:14     | 18475 ||| Stepping ~*~*~tactically~*~*~ (stealth).
 18476 | D:14     | 18476 ||| INVOKING Finesse.
 18520 | D:14     | 18520 ||| INVOKING Heroism.
 18525 | D:14     | Found the +5 glaive of the Guard {elec, spectral, AC+5}
 18545 | D:14     | 18545 ||| INVOKING Finesse.
 18723 | D:14     | 18723 ||| SWAPPING to +0 broad axe.
 18724 | D:14     | 18724 ||| DROPPING +2 spectral war axe.
 18726 | D:14     | 18726 ||| INVOKING Heroism.
 18731 | D:14     | Reached skill level 15 in Axes
 18737 | D:14     | 18737 ||| Stepping ~*~*~tactically~*~*~ (stealth).
 18738 | D:14     | 18738 ||| Stepping ~*~*~tactically~*~*~ (stealth).
 18744 | D:14     | Received a gift from Okawaru
 18751 | D:14     | 18751 ||| DRINKING 10 potions of curing.
 18751 | D:14     | 18751 ||| (to cure confusion)
 18762 | D:14     | 18762 ||| Stepping ~*~*~tactically~*~*~ (hiding).
 18767 | D:14     | 18767 ||| Stepping ~*~*~tactically~*~*~ (hiding).
 18879 | D:14     | Found a gate to the Vaults.
 19128 | D:15     | Entered Level 15 of the Dungeon
 19129 | D:15     | 19129 ||| PLANNING GAUNTLET
 19142 | D:15     | 19142 ||| INVOKING Heroism.
 19192 | D:15     | 19192 ||| READING scroll of enchant weapon.
 19192 | D:15     | 19192 ||| ENCHANTING +0 broad axe.
 19196 | D:15     | 19196 ||| Stepping ~*~*~tactically~*~*~ (stealth).
 19200 | D:15     | 19200 ||| Stepping ~*~*~tactically~*~*~ (hiding).
 19205 | D:15     | 19205 ||| Stepping ~*~*~tactically~*~*~ (stealth).
 19228 | D:15     | 19228 ||| Stepping ~*~*~tactically~*~*~ (stealth).
 19321 | D:15     | 19321 ||| INVOKING Heroism.
 19359 | D:15     | Found Gosed's Antique Armour Shoppe.
 19367 | D:15     | 19367 ||| BUYING pair of embroidered boots (232 gold).
 19367 | D:15     | Bought a pair of embroidered boots for 232 gold pieces
 19367 | D:15     | 19367 ||| SHOPLISTING shadow dragon scales (2480 gold, have
                  | 813).
 19404 | D:15     | Found a gate leading to a gauntlet.
 19405 | D:15     | 19405 ||| UPGRADING to +1 pair of boots.
 19417 | Gauntlet | Entered a Gauntlet
 19417 | Gauntlet | Found a transporter.
 19417 | Gauntlet | Found a transporter.
 19417 | Gauntlet | Found a transporter.
 19426 | Gauntlet | Found a transporter.
 19436 | Gauntlet | Found a transporter.
 19451 | Gauntlet | Found a transporter.
 19453 | Gauntlet | Found a large runed translucent door.
 19454 | Gauntlet | Found a large runed translucent door.
 19455 | Gauntlet | Found a large runed translucent door.
 19455 | Gauntlet | Found a large runed translucent door.
 19455 | Gauntlet | Found a runed translucent door.
 19455 | Gauntlet | Found a runed translucent door.
 19456 | Gauntlet | Found a large runed translucent door.
 19457 | Gauntlet | Found a large runed translucent door.
 19458 | Gauntlet | Found a large runed translucent door.
 19458 | Gauntlet | Found a large runed translucent door.
 19459 | Gauntlet | Found a runed translucent gate.
 19459 | Gauntlet | Found a runed translucent gate.
 19459 | Gauntlet | Found a runed translucent gate.
 19461 | Gauntlet | Found a transporter.
 19470 | Gauntlet | Found a large runed translucent door.
 19470 | Gauntlet | Found a large runed translucent door.
 19471 | Gauntlet | Found a large runed translucent door.
 19472 | Gauntlet | Found a large runed translucent door.
 19476 | Gauntlet | Found a transporter.
 19482 | Gauntlet | Found a transporter.
 19493 | Gauntlet | Found a transporter.
 19501 | Gauntlet | Found a transporter.
 19505 | Gauntlet | Found a transporter.
 19517 | Gauntlet | Found a large runed translucent door.
 19518 | Gauntlet | Found a large runed translucent door.
 19519 | Gauntlet | Found a large runed translucent door.
 19519 | Gauntlet | Found a large runed translucent door.
 19602 | Gauntlet | 19602 ||| INVOKING Heroism.
 19657 | Gauntlet | 19657 ||| INVOKING Heroism.
 19692 | Gauntlet | 19692 ||| READING scroll of enchant armour.
 19692 | Gauntlet | 19692 ||| ENCHANTING +1 helmet.
 19713 | Gauntlet | Reached skill level 12 in Fighting
 19747 | Gauntlet | 19747 ||| Stepping ~*~*~tactically~*~*~ (stealth).
 19749 | Gauntlet | 19749 ||| Stepping ~*~*~tactically~*~*~ (stealth).
 19751 | Gauntlet | 19751 ||| Stepping ~*~*~tactically~*~*~ (hiding).
 19755 | Gauntlet | 19755 ||| INVOKING Heroism.
 19840 | Gauntlet | 19840 ||| DROPPING +2 scale mail of cold resistance.
 19841 | Gauntlet | 19841 ||| UPGRADING to +3 chain mail of cold resistance.
 19854 | D:15     | 19854 ||| PLANNING D
 19921 | D:15     | Received a gift from Okawaru
 19936 | D:15     | 19936 ||| Stepping ~*~*~tactically~*~*~ (hiding).
 19968 | D:15     | 19968 ||| Stepping ~*~*~tactically~*~*~ (stealth).
 19973 | D:15     | 19973 ||| Stepping ~*~*~tactically~*~*~ (hiding).
 20033 | D:15     | 20033 ||| Stepping ~*~*~tactically~*~*~ (stealth).
 20040 | D:15     | 20040 ||| INVOKING Heroism.
 20047 | D:15     | Reached skill level 6 in Throwing
 20057 | D:15     | Reached XP level 16. HP: 86/101 MP: 23/23
 20092 | D:15     | 20092 ||| Stepping ~*~*~tactically~*~*~ (hiding).
 20139 | D:15     | Found an ornate altar of the Wu Jian Council.
 20273 | D:15     | Received a gift from Okawaru
 20307 | D:15     | 20307 ||| Stepping ~*~*~tactically~*~*~ (hiding).
 20536 | D:15     | 20536 ||| Stepping ~*~*~tactically~*~*~ (hiding).
 20574 | D:15     | Found a staircase to the Depths.
 20575 | D:15     | 20575 ||| FLEEEEING.
 20576 | D:15     | 20576 ||| INVOKING Heroism.
 20798 | D:15     | 20798 ||| PLANNING ORC
 20951 | Orc:1    | Entered Level 1 of the Orcish Mines
 20951 | Orc:1    | Found Kios's Antique Weapon Boutique.
 20998 | Orc:1    | 20998 ||| BUYING runed demon whip (522 gold).
 20998 | Orc:1    | Bought a runed demon whip for 522 gold pieces
 20998 | Orc:1    | 20998 ||| DROPPING -1 demon whip of venom.
 21082 | Orc:1    | 21082 ||| Stepping ~*~*~tactically~*~*~ (stealth).
 21083 | Orc:1    | 21083 ||| Stepping ~*~*~tactically~*~*~ (stealth).
 21084 | Orc:1    | 21084 ||| Stepping ~*~*~tactically~*~*~ (stealth).
 21085 | Orc:1    | 21085 ||| INVOKING Heroism.
 21134 | Orc:1    | 21134 ||| INVOKING Heroism.
 21278 | Orc:1    | 21278 ||| Stepping ~*~*~tactically~*~*~ (hiding).
 21279 | Orc:1    | 21279 ||| Stepping ~*~*~tactically~*~*~ (hiding).
 21284 | Orc:1    | 21284 ||| INVOKING Heroism.
 21720 | Orc:2    | Entered Level 2 of the Orcish Mines
 21730 | Orc:2    | 21730 ||| INVOKING Heroism.
 21753 | Orc:2    | 21753 ||| Stepping ~*~*~tactically~*~*~ (hiding).
 21754 | Orc:2    | 21754 ||| Stepping ~*~*~tactically~*~*~ (hiding).
 21850 | Orc:2    | Found Duxzes Exus's Magic Scroll Shoppe.
 21863 | Orc:2    | 21863 ||| BUYING 2 scrolls of brand weapon (209 gold).
 21863 | Orc:2    | Bought 2 scrolls of brand weapon for 209 gold pieces
 21863 | Orc:2    | 21863 ||| READING 2 scrolls of brand weapon.
 21863 | Orc:2    | 21863 ||| BRANDING +1 broad axe.
 21864 | Orc:2    | 21864 ||| READING scroll of brand weapon.
 21864 | Orc:2    | 21864 ||| BRANDING +1 broad axe of venom.
 21917 | Orc:2    | 21917 ||| INVOKING Heroism.
 21918 | Orc:2    | 21918 ||| DRINKING 9 potions of curing.
 21918 | Orc:2    | 21918 ||| (to cure confusion)
 21926 | Orc:2    | 21926 ||| Stepping ~*~*~tactically~*~*~ (stealth).
 21933 | Orc:2    | 21933 ||| Stepping ~*~*~tactically~*~*~ (hiding).
 21961 | Orc:2    | 21961 ||| Stepping ~*~*~tactically~*~*~ (stealth).
 21962 | Orc:2    | 21962 ||| Stepping ~*~*~tactically~*~*~ (stealth).
 21968 | Orc:2    | 21968 ||| Stepping ~*~*~tactically~*~*~ (stealth).
 21969 | Orc:2    | 21969 ||| Stepping ~*~*~tactically~*~*~ (stealth).
 21975 | Orc:2    | 21975 ||| INVOKING Heroism.
 21979 | Orc:2    | 21979 ||| Stepping ~*~*~tactically~*~*~ (stealth).
 22047 | Orc:2    | Found a staircase to the Elven Halls.
 22054 | Orc:2    | 22054 ||| Stepping ~*~*~tactically~*~*~ (stealth).
 22056 | Orc:2    | 22056 ||| INVOKING Heroism.
 22057 | Orc:2    | 22057 ||| Stepping ~*~*~tactically~*~*~ (stealth).
 22060 | Orc:2    | 22060 ||| Stepping ~*~*~tactically~*~*~ (hiding).
 22078 | Orc:2    | 22078 ||| INVOKING Finesse.
 22106 | Orc:2    | HP: 14/101 [orc knight/+0 halberd (14)]
 22107 | Orc:2    | 22107 ||| READING 9 scrolls of teleportation.
 22107 | Orc:2    | HP: 6/101 [orc warrior/+1 short sword of draining (9)]
 22107 | Orc:2    | HP: 2/101 [orc warrior/+0 long sword (4)]
 22108 | Orc:2    | 22108 ||| DRINKING 2 potions of heal wounds.
 22111 | Orc:2    | 22111 ||| DRINKING potion of heal wounds.
 22187 | Orc:2    | 22187 ||| Stepping ~*~*~tactically~*~*~ (stealth).
 22189 | Orc:2    | 22189 ||| Stepping ~*~*~tactically~*~*~ (stealth).
 22190 | Orc:2    | 22190 ||| Stepping ~*~*~tactically~*~*~ (stealth).
 22191 | Orc:2    | 22191 ||| Stepping ~*~*~tactically~*~*~ (stealth).
 22194 | Orc:2    | 22194 ||| Stepping ~*~*~tactically~*~*~ (stealth).
 22196 | Orc:2    | 22196 ||| INVOKING Heroism.
 22214 | Orc:2    | Identified the +2 cloak of Uruaff {rElec rF- rN+ Dex+2}
                  | (Okawaru gifted it to you on level 2 of the Orcish Mines)
 22214 | Orc:2    | Received a gift from Okawaru
 22247 | Orc:2    | 22247 ||| Invisible monster not found???
 22271 | Orc:2    | 22271 ||| Stepping ~*~*~tactically~*~*~ (stealth).
 22298 | Orc:2    | 22298 ||| Stepping ~*~*~tactically~*~*~ (stealth).
 22299 | Orc:2    | 22299 ||| Stepping ~*~*~tactically~*~*~ (stealth).
 22301 | Orc:2    | 22301 ||| Stepping ~*~*~tactically~*~*~ (stealth).
 22303 | Orc:2    | 22303 ||| INVOKING Heroism.
 22304 | Orc:2    | 22304 ||| INVOKING Finesse.
 22314 | Orc:2    | 22314 ||| Stepping ~*~*~tactically~*~*~ (hiding).
 22322 | Orc:2    | 22322 ||| Stepping ~*~*~tactically~*~*~ (hiding).
 22328 | Orc:2    | 22328 ||| Stepping ~*~*~tactically~*~*~ (stealth).
 22358 | Orc:2    | 22358 ||| Stepping ~*~*~tactically~*~*~ (hiding).
 22360 | Orc:2    | 22360 ||| INVOKING Heroism.
 22383 | Orc:2    | 22383 ||| INVOKING Heroism.
 22404 | Orc:2    | 22404 ||| INVOKING Finesse.
 22464 | Orc:2    | 22464 ||| INVOKING Heroism.
 22520 | Orc:2    | 22520 ||| INVOKING Heroism.
 22529 | Orc:2    | 22529 ||| Stepping ~*~*~tactically~*~*~ (stealth).
 22537 | Orc:2    | Found Boduvomi's Antique Armour Shop.
 22539 | Orc:2    | Found Daotopiu's Antique Weapon Boutique.
 22541 | Orc:2    | Found Hiudauj's General Store.
 22541 | Orc:2    | Found Tyluthid's Jewellery Shop.
 22557 | Orc:2    | 22557 ||| BUYING +2 pair of boots (264 gold).
 22557 | Orc:2    | Bought a +2 pair of boots for 264 gold pieces
 22558 | Orc:2    | 22558 ||| BUYING +6 ring of strength (468 gold).
 22558 | Orc:2    | Bought a +6 ring of strength for 468 gold pieces
 22816 | Orc:2    | 22816 ||| PLANNING SHOALS:1-3
 22816 | Orc:2    | 22816 ||| UPGRADING to +2 pair of boots.
 22826 | Orc:2    | 22826 ||| DROPPING +1 pair of boots.
 22827 | Orc:2    | 22827 ||| UPGRADING to +6 ring of strength.
 22910 | Shoals:1 | Entered Level 1 of the Shoals
 22917 | Shoals:1 | 22917 ||| INVOKING Heroism.
 22975 | Shoals:1 | 22975 ||| INVOKING Heroism.
 23028 | Shoals:1 | 23028 ||| INVOKING Heroism.
 23065 | Shoals:1 | 23065 ||| INVOKING Heroism.
 23095 | Shoals:1 | 23095 ||| INVOKING Heroism.
 23110 | Shoals:1 | 23110 ||| INVOKING Heroism.
 23134 | Shoals:1 | 23134 ||| INVOKING Heroism.
 23156 | Shoals:1 | 23156 ||| READING 8 scrolls of teleportation.
 23177 | Shoals:1 | 23177 ||| INVOKING Heroism.
 23231 | Shoals:1 | Found Ycsast's Book Shoppe.
 23243 | Shoals:1 | 23243 ||| INVOKING Heroism.
 23351 | Shoals:1 | 23351 ||| INVOKING Heroism.
 23410 | Shoals:1 | 23410 ||| INVOKING Heroism.
 23884 | Shoals:1 | 23884 ||| READING 7 scrolls of teleportation.
 24153 | Shoals:1 | 24153 ||| DROPPING +1 cloak.
 24231 | Shoals:2 | 24231 ||| INVOKING Heroism.
 24243 | Shoals:2 | 24243 ||| READING 6 scrolls of teleportation.
 24287 | Shoals:2 | Found Fubat's Jewellery Shop.
 24288 | Shoals:2 | 24288 ||| INVOKING Heroism.
 24315 | Shoals:2 | 24315 ||| BUYING amulet of reflection (330 gold).
 24315 | Shoals:2 | Bought an amulet of reflection for 330 gold pieces
 24315 | Shoals:2 | 24315 ||| SHOPLISTING ring of Miracles {Int+6 SInv} (519
                  | gold, have 28).
 24315 | Shoals:2 | 24315 ||| SHOPLISTING ring of fire (275 gold, have 28).
 24315 | Shoals:2 | 24315 ||| SHOPLISTING ring of protection from cold (275
                  | gold, have 28).
 24315 | Shoals:2 | 24315 ||| SHOPLISTING ring of see invisible (165 gold, have
                  | 28).
 24340 | Shoals:2 | Received a gift from Okawaru
 24396 | Shoals:2 | Found Duzxoes's Jewellery Emporium.
 24446 | Shoals:2 | 24446 ||| SHOPLISTING +4 ring of evasion (648 gold, have
                  | 97).
 24446 | Shoals:2 | 24446 ||| SHOPLISTING +4 ring of protection (648 gold, have
                  | 97).
 24446 | Shoals:2 | 24446 ||| SHOPLISTING ring of protection from fire (450
                  | gold, have 97).
 24760 | Shoals:2 | Identified the +9 falchion "Fics" {pain, Str+4 SInv}
 24767 | Shoals:2 | 24767 ||| READING scroll of enchant weapon.
 24767 | Shoals:2 | 24767 ||| ENCHANTING +1 broad axe of protection.
 24924 | Shoals:2 | 24924 ||| UPGRADING to amulet of reflection.
 24934 | Shoals:2 | 24934 ||| DROPPING amulet "Qeasovolio" {Acrobat Regen+}.
 24935 | Shoals:2 | 24935 ||| DROPPING ring of wizardry.
 24973 | Shoals:3 | 24973 ||| INVOKING Heroism.
 24981 | Shoals:3 | Reached XP level 17. HP: 106/106 MP: 22/24
 24996 | Shoals:3 | 24996 ||| Stepping ~*~*~tactically~*~*~ (hiding).
 25007 | Shoals:3 | 25007 ||| Stepping ~*~*~tactically~*~*~ (hiding).
 25011 | Shoals:3 | 25011 ||| INVOKING Heroism.
 25232 | Shoals:3 | 25232 ||| Stepping ~*~*~tactically~*~*~ (cloud).
 25234 | Shoals:3 | 25234 ||| Stepping ~*~*~tactically~*~*~ (cloud).
 25260 | Shoals:3 | 25260 ||| READING scroll of enchant weapon.
 25260 | Shoals:3 | 25260 ||| ENCHANTING +2 broad axe of protection.
 25282 | Shoals:3 | 25282 ||| INVOKING Heroism.
 25430 | Shoals:3 | 25430 ||| INVOKING Heroism.
 25459 | Shoals:3 | Received a gift from Okawaru
 25467 | Shoals:3 | Identified the +1 scale mail "Atua" {MP+9 Dex+2}
 25902 | Shoals:3 | 25902 ||| PLANNING SPIDER:1-3
 25902 | Shoals:3 | 25902 ||| READING scroll labelled WUGYARAU VUMN.
 25960 | Spider:1 | Entered Level 1 of the Spider Nest
 25963 | Spider:1 | 25963 ||| Stepping ~*~*~tactically~*~*~ (stealth).
 25965 | Spider:1 | 25965 ||| Stepping ~*~*~tactically~*~*~ (stealth).
 25967 | Spider:1 | 25967 ||| Stepping ~*~*~tactically~*~*~ (stealth).
 25968 | Spider:1 | 25968 ||| Stepping ~*~*~tactically~*~*~ (hiding).
 26001 | Spider:1 | 26001 ||| INVOKING Heroism.
 26026 | Spider:1 | 26026 ||| Stepping ~*~*~tactically~*~*~ (hiding).
 26028 | Spider:1 | 26028 ||| Stepping ~*~*~tactically~*~*~ (hiding).
 26029 | Spider:1 | 26029 ||| INVOKING Finesse.
 26031 | Spider:1 | 26031 ||| Stepping ~*~*~tactically~*~*~ (stealth).
 26057 | Spider:1 | 26057 ||| INVOKING Heroism.
 26215 | Spider:1 | 26215 ||| Stepping ~*~*~tactically~*~*~ (stealth).
 26216 | Spider:1 | 26216 ||| Stepping ~*~*~tactically~*~*~ (stealth).
 26218 | Spider:1 | 26218 ||| Stepping ~*~*~tactically~*~*~ (stealth).
 26223 | Spider:1 | 26223 ||| INVOKING Heroism.
 26242 | Spider:1 | 26242 ||| Stepping ~*~*~tactically~*~*~ (stealth).
 26349 | Spider:1 | 26349 ||| INVOKING Finesse.
 26358 | Spider:1 | 26358 ||| INVOKING Heroism.
 26366 | Spider:1 | Received a gift from Okawaru
 26563 | Spider:1 | 26563 ||| INVOKING Heroism.
 26758 | Spider:1 | 26758 ||| Stepping ~*~*~tactically~*~*~ (stealth).
 26760 | Spider:1 | 26760 ||| Stepping ~*~*~tactically~*~*~ (stealth).
 26988 | Spider:1 | 26988 ||| Stepping ~*~*~tactically~*~*~ (stealth).
 26989 | Spider:1 | 26989 ||| INVOKING Heroism.
 27084 | Spider:2 | 27084 ||| Stepping ~*~*~tactically~*~*~ (stealth).
 27148 | Spider:2 | 27148 ||| INVOKING Finesse.
 27480 | Spider:2 | 27480 ||| Stepping ~*~*~tactically~*~*~ (hiding).
 27481 | Spider:2 | 27481 ||| Stepping ~*~*~tactically~*~*~ (hiding).
 27482 | Spider:2 | 27482 ||| Stepping ~*~*~tactically~*~*~ (hiding).
 27502 | Spider:2 | 27502 ||| INVOKING Heroism.
 27688 | Spider:2 | 27688 ||| INVOKING Heroism.
 27689 | Spider:2 | 27689 ||| INVOKING Finesse.
 27988 | Spider:2 | 27988 ||| Stepping ~*~*~tactically~*~*~ (stealth).
 27990 | Spider:2 | 27990 ||| Stepping ~*~*~tactically~*~*~ (stealth).
 27998 | Spider:2 | 27998 ||| INVOKING Heroism.
 28026 | Spider:2 | HP: 25/108 [radroach (31)]
 28027 | Spider:2 | 28027 ||| READING 6 scrolls of teleportation.
 28028 | Spider:2 | 28028 ||| DRINKING potion of heal wounds.
 28028 | Spider:2 | Mangled by a radroach

Levels and vault maps discovered:
D:1:      nagdon_arrival_double_spiral, layout_basic,
          nicolae_ecumenical_snake_handling
D:2:      layout_loops_ring
D:3:      layout_basic, mainiacjoe_overflow_surrounded_room,
          kiku_gazebo_pond_becter, gammafunk_ghost_icy, uniq_natasha
D:4:      layout_basic, chequers_temple_overflow_minitemple, enter_ossuary_1,
          st_stairs_11, hangedman_minor_gate_pass
D:5:      layout_loops_ring, mainiacjoe_overflow_cross_hatched,
          mainiacjoe_overflow_chevrons, minivault_14
D:6:      layout_cave_pools, minmay_temple_entry_fiery,
          kennysheep_generic_room_3
D:7:      layout_gridville, amcnicky_altar_gilded, uniq_pikel
D:8:      layout_rooms
D:9:      layout_loops_cross, kennysheep_mini, nicolae_gozag_zags_fifth_avenue,
          minmay_lair_entry_grove, orc_david_3, uniq_joseph
D:10:     minmay_the_grid_3x2 [minmay_the_grid_aliased_spiral,
          minmay_the_grid_fan, minmay_the_grid_mess, minmay_the_grid_rooms,
          minmay_the_grid_slots, minmay_the_grid_prize_shrinking_boxes],
          layout_cave_pools, nicolae_shop_self_help
D:11:     layout_rooms, hellmonk_ghost_happy_afterlife, enter_trove_0,
          serial_shops, shop, the_hattery, uniq_harold, uniq_fannar, uniq_erica,
          uniq_amaemon
D:12:     layout_basic, uniq_rupert
D:13:     layout_irregular_city, portal_ice_cave_rime, uniq_sonja
D:14:     minmay_guarded_unrand_guard, layout_gridville,
          grunt_vaults_entry_fortified, serial_nicolae_subway,
          nicolae_sub_station_metal, nicolae_sub_station_crystal,
          nicolae_sub_station_stone
D:15:     grunt_enter_depths_snipers, layout_gridville, serial_shops, shop,
          gauntlet_entry_generic, nicolae_wu_jian_immortal_techniques
Lair:1:   layout_gridlike, nicolae_lair_lakeside_cave
Lair:2:   layout_concentric_octagons, minmay_shoals_entry_hut,
          spider_nest_entry_webs, tgw_fedhas
Lair:3:   layout_cave_pods, serial_bayou_lagoon_b
Lair:4:   layout_cellular_growth, nicolae_volcano_entry_hallway, st_stairs_12,
          wad_woods_road_02, infiniplex_staircase_pool_2
Lair:5:   minmay_lair_end_enchanted_forest, layout_hall_layers, slime_entry_1,
          ebering_ghost_funeral_grove, lemuel_fruit_tree, grunt_megastairs_5
Shoals:1: layout_shoals, serial_shops, nicolae_shop_hallway_plus
Shoals:2: layout_shoals, serial_shops, nicolae_shop_stone, nicolae_stop_n_shop_2
Shoals:3: layout_shoals
Spider:1: layout_spider_delve, hangedman_spider_tarantella_strand
Spider:2: nicolae_spider_hilbert_zone_2 [nicolae_spider_hilbert_4_sides_1_open,
          nicolae_spider_hilbert_4_sides_1_open,
          nicolae_spider_hilbert_4_sides_1_open,
          nicolae_spider_hilbert_4_sides_1_open,
          nicolae_spider_hilbert_6_sides_1_open,
          nicolae_spider_hilbert_6_sides_1_open,
          nicolae_spider_hilbert_3_sides_1_open,
          nicolae_spider_hilbert_3_sides_1_open,
          nicolae_spider_hilbert_3_sides_1_open,
          nicolae_spider_hilbert_3_sides_1_open,
          nicolae_spider_hilbert_6_sides_1_open,
          nicolae_spider_hilbert_6_sides_1_open,
          nicolae_spider_hilbert_6_sides_1_open,
          nicolae_spider_hilbert_6_sides_1_open]
Orc:1:    layout_caves, serial_shops, nicolae_square_shop,
          nicolae_orc_pool_cavern
Orc:2:    st_orc_congregation, layout_caves, serial_shops,
          nicolae_shop_hallway_stairs, mines4_lemuel

Skill      XL: |  1  2  3  4  5  6  7  8  9 10 11 12 13 14 15 16 17 |
---------------+----------------------------------------------------+-----
Axes           | 2 3 4 5 6 8 9 10 11 12 14 15 17 | 17.7
Fighting       | 4 5 6 8 9 10 12 13 | 13.0
Dodging        | 1 2 4 |  4.0
Invocations    | 3 4 6 10 | 10.2
Throwing       | 1 3 4 6 7 |  7.0
Armour         | 4 6 7 8 9 10 11 | 11.0
Shields        | 4 5 11 14 15 16 17 | 17.4

Action                   |  1- 3 |  4- 6 |  7- 9 | 10-12 | 13-15 | 16-18 || total
-------------------------+-------+-------+-------+-------+-------+-------++-------
Melee: War axe           |    85 |   215 |   315 |   316 |   742 |       ||  1673
       Morningstar       |       |       |       |    19 |     8 |       ||    27
       Broad axe         |       |       |       |       |   224 |  1079 ||  1303
       Demon whip        |       |       |       |       |    62 |       ||    62
Throw: Boomerang         |       |       |    25 |    20 |    49 |    18 ||   112
       Javelin           |       |       |    12 |    89 |   103 |    90 ||   294
Invok: Heroism           |       |       |    14 |    25 |    42 |    40 ||   121
       Finesse           |       |       |       |     4 |    13 |     7 ||    24
  Use: Scroll            |     5 |     3 |    12 |     4 |     9 |    10 ||    43
       Potion            |     2 |       |     6 |     3 |     2 |     4 ||    17
 Stab: Distracted        |       |       |     1 |     5 |    13 |       ||    19
Armor: Scale mail        |    43 |   108 |       |       |       |       ||   151
       Chain mail        |       |    23 |   148 |       |    39 |   580 ||   790
       Plate armour      |       |       |    15 |   150 |   189 |       ||   354
       Ring mail         |       |       |       |       |   134 |       ||   134
Dodge: Dodged            |    40 |   125 |    64 |    69 |   183 |   366 ||   847
Block: Buckler           |    17 |    48 |    49 |    46 |       |       ||   160
       Tower shield      |       |       |       |    86 |   890 |  1504 ||  2480
       Reflection        |       |       |       |       |       |    13 ||    13

Table legend:
 A = Non-vault XP
 B = Vault XP
 C = Vault XP percentage of total XP
 D = Non-vault monster count
 E = Vault monster count
 F = Vault count percentage of total count
                 A         B        C        D         E       F
            +---------+---------+-------+---------+---------+-------
      Total |  145868 |   72959 |  33.3 |     611 |     306 |  33.4
            +---------+---------+-------+---------+---------+-------
        D:1 |      35 |       5 |  12.5 |      19 |       3 |  13.6
        D:2 |      63 |       0 |   0.0 |      22 |       0 |   0.0
        D:3 |     140 |      38 |  21.3 |      19 |       2 |   9.5
        D:4 |     400 |      96 |  19.4 |      40 |       9 |  18.4
        D:5 |     805 |       0 |   0.0 |      12 |       0 |   0.0
        D:6 |     533 |     171 |  24.3 |       8 |       2 |  20.0
        D:7 |    1322 |     607 |  31.5 |      21 |       1 |   4.5
        D:8 |     868 |       0 |   0.0 |      16 |       0 |   0.0
        D:9 |     817 |    2864 |  77.8 |      15 |      19 |  55.9
       D:10 |    3546 |    8610 |  70.8 |      41 |      23 |  35.9
       D:11 |    7147 |    4989 |  41.1 |      29 |       6 |  17.1
       D:12 |    3095 |       0 |   0.0 |      11 |       0 |   0.0
       D:13 |    8213 |    1487 |  15.3 |      24 |       3 |  11.1
       D:14 |    8458 |   13507 |  61.5 |      16 |      21 |  56.8
       D:15 |   13583 |    2723 |  16.7 |      27 |       3 |  10.0
     Lair:1 |    4557 |    5746 |  55.8 |      24 |      18 |  42.9
     Lair:2 |    7754 |     778 |   9.1 |      28 |       4 |  12.5
     Lair:3 |    3243 |       0 |   0.0 |      14 |       0 |   0.0
     Lair:4 |    8146 |    1041 |  11.3 |      25 |       3 |  10.7
     Lair:5 |    9079 |    7875 |  46.4 |      26 |      44 |  62.9
   Shoals:1 |   22328 |       0 |   0.0 |      44 |       0 |   0.0
   Shoals:2 |    5554 |       0 |   0.0 |      11 |       0 |   0.0
   Shoals:3 |   11463 |       0 |   0.0 |      22 |       0 |   0.0
   Spider:1 |   13592 |     295 |   2.1 |      40 |       1 |   2.4
   Spider:2 |    6486 |    6360 |  49.5 |      15 |      12 |  44.4
      Orc:1 |    1591 |       0 |   0.0 |      19 |       0 |   0.0
      Orc:2 |    2273 |   12468 |  84.6 |      20 |      89 |  81.7
    Ossuary |       0 |     319 | 100.0 |       0 |      28 | 100.0
   Gauntlet |     777 |    2980 |  79.3 |       3 |      15 |  83.3
            +---------+---------+-------+---------+---------+-------
